| TOP OF THE 1ST |
|
Bristol Pirates batting - Pitching for Washington (APP) Nationals : LHP Johnny Busse
|
|
Pitching: LHP Johnny Busse
|
|
|
Batting: SHB Don Hauk
|
0-0: Swinging Strike 0-1: Called Strike 0-2: Ball 1-2: Ball 2-2: Ball 3-2: SINGLE (Groundball, 6M, EV 100.0 MPH) (infield hit)
|
|
Batting: RHB Pete Hutton
|
0-0: Foul Ball, location: 2F 0-1: Foul Ball, location: 2F 0-2: Ball 1-2: SINGLE (Groundball, 34, EV 111.9 MPH) Don Hauk to second Runner from 2nd tries for 3rd, SAFE, throw by RF made to third
|
|
Batting: RHB Randy Bergman
|
0-0: Ball Pete Hutton steals 2nd, throwing error, E2 Don Hauk scores Pete Hutton to third 1-0: Ball 2-0: DOUBLE (Line Drive, 9LD, EV 98.8 MPH) Pete Hutton scores
|
|
Batting: RHB Gilberto Victoria
|
0-0: Fly out, F3 (Popup, 3D, EV 77.5 MPH)
|
|
Batting: RHB Frank Elizondo
|
0-0: 2-RUN HOME RUN (Flyball, 9D, EV 95.6 MPH), Distance : 372 ft
|
|
Batting: SHB Ronnie Brooks
|
0-0: Called Strike 0-1: Swinging Strike 0-2: Ball 1-2: Foul Ball, location: 2F 1-2: Strikes out swinging
|
|
Batting: RHB Alain Marquet
|
0-0: Swinging Strike 0-1: Ball 1-1: TRIPLE (Line Drive, 78XD, EV 105.0 MPH)
|
|
Batting: RHB Rob Colley
|
0-0: Foul Ball, location: 2F 0-1: Foul Ball, location: 2F 0-2: 2-RUN HOME RUN (Flyball, 9LD, EV 90.0 MPH), Distance : 334 ft
|
|
Batting: RHB Erik Mulligan
|
0-0: Swinging Strike 0-1: Ground out 6-3 (Groundball, 6M, EV 83.8 MPH)
|
| Top of the 1st over - 6 runs, 6 hits, 1 error, 0 left on base; Bristol 6 - Washington (APP) 0 |
| BOTTOM OF THE 1ST |
|
Washington (APP) Nationals batting - Pitching for Bristol Pirates : RHP Otok Barleyfoot
|
|
Pitching: RHP Otok Barleyfoot
|
|
|
Batting: RHB Bobby Bricker
|
0-0: Called Strike 0-1: Ball 1-1: DOUBLE (Line Drive, 9LM, EV 101.9 MPH)
|
|
Batting: RHB Leo Gutierrez
|
0-0: Ball 1-0: Ground out 4-3 (Groundball, 4, EV 87.5 MPH) Bobby Bricker to third
|
|
Batting: LHB Chance McWilliams
|
0-0: SINGLE (Groundball, 34D, EV 96.9 MPH) Bobby Bricker scores
|
|
Batting: LHB Vince McLane
|
0-0: Ball 1-0: Called Strike 1-1: Foul Ball, location: 2F 1-2: Foul Ball, location: 2F 1-2: Foul Ball, location: 2F 1-2: Strikes out swinging
|
|
Batting: RHB Antonio Vallez
|
0-0: Ball 1-0: Ball 2-0: Ball 3-0: Base on Balls Chance McWilliams to second
|
|
Batting: RHB Tylor Cyr
|
0-0: Ball 1-0: Ball 2-0: Ball 3-0: Called Strike 3-1: Base on Balls Chance McWilliams to third Antonio Vallez to second
|
|
Batting: RHB Derek Moran
|
0-0: Ball 1-0: Foul Ball, location: 2F 1-1: Foul Ball, location: 2F 1-2: SINGLE (Line Drive, 89M, EV 101.2 MPH) Chance McWilliams scores Antonio Vallez to third Tylor Cyr to second Runner from 3rd tries for Home, SAFE, throw by RF to home
|
|
Batting: RHB Lamar Thornton
|
0-0: Ball 1-0: Ball 2-0: Reached on error, E2 (Groundball, 2R, EV 70.0 MPH) Tylor Cyr scores Derek Moran to third
|
|
Batting: LHB Jim Weidman
|
0-0: Swinging Strike 0-1: Foul Ball, location: 2F 0-2: Fly out, F8 (Flyball, 8LD, EV 84.4 MPH)
|
| Bottom of the 1st over - 4 runs, 3 hits, 1 error, 2 left on base; Bristol 6 - Washington (APP) 4 |
| TOP OF THE 2ND |
|
Bristol Pirates batting - Pitching for Washington (APP) Nationals : LHP Johnny Busse
|
|
Batting: SHB Don Hauk
|
0-0: Ball 1-0: Swinging Strike 1-1: Swinging Strike 1-2: Ball 2-2: Ball 3-2: Foul Ball, location: 2F 3-2: Base on Balls
|
|
Pitching: RHP Manny Mendoza
|
|
|
Batting: RHB Pete Hutton
|
0-0: Called Strike 0-1: Fly out, F4 (Line Drive, 4, EV 66.9 MPH)
|
|
Batting: RHB Randy Bergman
|
0-0: Swinging Strike 0-1: Fly out, F8 (Flyball, 78M, EV 96.2 MPH)
|
|
Batting: RHB Gilberto Victoria
|
0-0: Ball 1-0: Foul Ball, location: 2F 1-1: Called Strike Don Hauk is caught stealing 2nd base 2-4
|
| Top of the 2nd over - 0 runs, 0 hits, 0 errors, 0 left on base; Bristol 6 - Washington (APP) 4 |
| BOTTOM OF THE 2ND |
|
Washington (APP) Nationals batting - Pitching for Bristol Pirates : RHP Otok Barleyfoot
|
|
Batting: RHB Bobby Bricker
|
0-0: Ball 1-0: Swinging Strike 1-1: Foul Ball, location: 2F 1-2: Strikes out swinging
|
|
Batting: RHB Leo Gutierrez
|
0-0: Called Strike 0-1: Foul Ball, location: 2F 0-2: Ball 1-2: Strikes out swinging
|
|
Batting: LHB Chance McWilliams
|
0-0: Called Strike 0-1: Ball 1-1: Foul Ball, location: 2F 1-2: Ground out 4-3 (Groundball, 34, EV 107.5 MPH)
|
| Bottom of the 2nd over - 0 runs, 0 hits, 0 errors, 0 left on base; Bristol 6 - Washington (APP) 4 |
| TOP OF THE 3RD |
|
Bristol Pirates batting - Pitching for Washington (APP) Nationals : RHP Manny Mendoza
|
|
Batting: RHB Gilberto Victoria
|
0-0: Called Strike 0-1: Hit by Pitch
|
|
Batting: RHB Frank Elizondo
|
0-0: Ball 1-0: Called Strike 1-1: Ball 2-1: Ball 3-1: DOUBLE (Line Drive, 9LS, EV 100.6 MPH) Gilberto Victoria to third
|
|
Batting: SHB Ronnie Brooks
|
0-0: Called Strike 0-1: Ball 1-1: 3-RUN HOME RUN (Line Drive, 89XD, EV 102.5 MPH), Distance : 402 ft
|
|
Pitching: RHP Halewijn Bos
|
|
|
Batting: RHB Alain Marquet
|
0-0: Called Strike 0-1: Ball 1-1: Ball 2-1: Swinging Strike 2-2: Ground out 6-3 (Groundball, 6M, EV 78.1 MPH)
|
|
Batting: RHB Rob Colley
|
0-0: Ground out 4-3 (Groundball, 4, EV 83.8 MPH)
|
|
Batting: RHB Erik Mulligan
|
0-0: Ground out 4-3 (Groundball, 4, EV 90.6 MPH)
|
| Top of the 3rd over - 3 runs, 2 hits, 0 errors, 0 left on base; Bristol 9 - Washington (APP) 4 |
| BOTTOM OF THE 3RD |
|
Washington (APP) Nationals batting - Pitching for Bristol Pirates : RHP Otok Barleyfoot
|
|
Batting: LHB Vince McLane
|
0-0: Ball 1-0: Swinging Strike 1-1: Ball 2-1: Ball 3-1: Base on Balls
|
|
Batting: RHB Antonio Vallez
|
0-0: Called Strike 0-1: Called Strike 0-2: Ball Wild Pitch! Vince McLane to second 1-2: Ball 2-2: Strikes out swinging
|
|
Batting: RHB Tylor Cyr
|
0-0: Called Strike 0-1: Ball 1-1: Foul Ball, location: 2F 1-2: Foul Ball, location: 2F 1-2: Ball Wild Pitch! Vince McLane to third 2-2: Ball Wild Pitch! Vince McLane scores 3-2: SINGLE (Groundball, 6MD, EV 108.1 MPH)
|
|
Batting: RHB Derek Moran
|
0-0: Called Strike 0-1: Ball 1-1: Called Strike 1-2: Foul Ball, location: 2F 1-2: Ball 2-2: Ball 3-2: SINGLE (Groundball, 4M, EV 96.2 MPH) (infield hit) Tylor Cyr to second
|
|
Batting: RHB Lamar Thornton
|
0-0: Called Strike 0-1: Ball 1-1: Grounds into double play, 5-4-3 (Groundball, 56, EV 85.6 MPH)
|
| Bottom of the 3rd over - 1 run, 2 hits, 0 errors, 1 left on base; Bristol 9 - Washington (APP) 5 |
| TOP OF THE 4TH |
|
Bristol Pirates batting - Pitching for Washington (APP) Nationals : RHP Halewijn Bos
|
|
Batting: SHB Don Hauk
|
0-0: Called Strike 0-1: Ball 1-1: SOLO HOME RUN (Flyball, 89XD, EV 100.6 MPH), Distance : 392 ft
|
|
Batting: RHB Pete Hutton
|
0-0: Called Strike 0-1: Ball 1-1: Swinging Strike 1-2: Foul Ball, location: 2F 1-2: Strikes out swinging
|
|
Batting: RHB Randy Bergman
|
0-0: Foul Ball, location: 2F 0-1: Foul Ball, location: 2F 0-2: Ball 1-2: Foul Ball, location: 2F 1-2: Ball 2-2: Ball 3-2: Foul Ball, location: 2F 3-2: SINGLE (Groundball, 15S, EV 65.0 MPH) (infield hit)
|
|
Batting: RHB Gilberto Victoria
|
0-0: Ball 1-0: Reached on error, E5 (Groundball, 56, EV 85.0 MPH) Randy Bergman to second
|
|
Batting: RHB Frank Elizondo
|
0-0: Called Strike 0-1: Ball 1-1: Foul Ball, location: 2F 1-2: Fielders Choice at 2nd, 6-4 (Groundball, 56, EV 88.1 MPH) Randy Bergman to third
|
|
Pitching: LHP Mike Rosas
|
|
|
Batting: SHB Ronnie Brooks
|
0-0: Foul Ball, location: 2F 0-1: Ball 1-1: Swinging Strike 1-2: Strikes out looking
|
| Top of the 4th over - 1 run, 2 hits, 1 error, 2 left on base; Bristol 10 - Washington (APP) 5 |
| BOTTOM OF THE 4TH |
|
Washington (APP) Nationals batting - Pitching for Bristol Pirates : RHP Otok Barleyfoot
|
|
Batting: LHB Jim Weidman
|
0-0: Called Strike 0-1: Foul Ball, location: 2F 0-2: Strikes out swinging, 2-3 out at first.
|
|
Batting: RHB Bobby Bricker
|
0-0: Ball 1-0: Called Strike 1-1: Swinging Strike 1-2: Strikes out swinging
|
|
Batting: RHB Leo Gutierrez
|
0-0: Called Strike 0-1: Swinging Strike 0-2: Strikes out looking
|
| Bottom of the 4th over - 0 runs, 0 hits, 0 errors, 0 left on base; Bristol 10 - Washington (APP) 5 |
| TOP OF THE 5TH |
|
Bristol Pirates batting - Pitching for Washington (APP) Nationals : LHP Mike Rosas
|
|
Batting: RHB Alain Marquet
|
0-0: Ball 1-0: Foul Ball, location: 2F 1-1: Ball 2-1: Called Strike 2-2: Ball 3-2: Foul Ball, location: 2F 3-2: Ground out 5-3 (Groundball, 5, EV 82.5 MPH)
|
|
Batting: RHB Rob Colley
|
0-0: Called Strike 0-1: Foul Ball, location: 2F 0-2: Foul Ball, location: 2F 0-2: Strikes out looking
|
|
Batting: RHB Erik Mulligan
|
0-0: Ground out 5-3 (Groundball, 56, EV 91.2 MPH)
|
| Top of the 5th over - 0 runs, 0 hits, 0 errors, 0 left on base; Bristol 10 - Washington (APP) 5 |
| BOTTOM OF THE 5TH |
|
Washington (APP) Nationals batting - Pitching for Bristol Pirates : RHP Otok Barleyfoot
|
|
Batting: LHB Chance McWilliams
|
0-0: Ball 1-0: Ball 2-0: Reached on error, E3 (Groundball, 34, EV 90.0 MPH)
|
|
Batting: LHB Vince McLane
|
0-0: Fly out, F4 (Line Drive, 4, EV 72.5 MPH)
|
|
Batting: RHB Antonio Vallez
|
0-0: Ball 1-0: Ball 2-0: Swinging Strike 2-1: Ball 3-1: Base on Balls Chance McWilliams to second
|
|
Batting: RHB Tylor Cyr
|
0-0: Called Strike 0-1: Ball 1-1: Foul Ball, location: 2F 1-2: Foul Ball, location: 2F 1-2: Ball 2-2: Foul Ball, location: 2F 2-2: Fly out, F7 (Flyball, 7, EV 80.0 MPH)
|
|
Batting: RHB Derek Moran
|
0-0: Called Strike 0-1: Swinging Strike 0-2: Fly out, F7 (Flyball, 7, EV 78.8 MPH)
|
| Bottom of the 5th over - 0 runs, 0 hits, 1 error, 2 left on base; Bristol 10 - Washington (APP) 5 |
| TOP OF THE 6TH |
|
Bristol Pirates batting - Pitching for Washington (APP) Nationals : LHP Mike Rosas
|
|
Batting: SHB Don Hauk
|
0-0: Ball 1-0: Swinging Strike 1-1: Foul Ball, location: 2F 1-2: Ball 2-2: Ball 3-2: Foul Ball, location: 2F 3-2: Strikes out swinging
|
|
Pitching: RHP Omar Perez
|
|
|
Batting: RHB Pete Hutton
|
0-0: Foul Ball, location: 2F 0-1: Ball 1-1: Foul Ball, location: 2F 1-2: Fly out, F4 (Line Drive, 4, EV 67.5 MPH)
|
|
Batting: RHB Randy Bergman
|
0-0: Ball 1-0: Ball 2-0: Called Strike 2-1: Swinging Strike 2-2: Foul Ball, location: 2F 2-2: Strikes out swinging, 2-3 out at first.
|
| Top of the 6th over - 0 runs, 0 hits, 0 errors, 0 left on base; Bristol 10 - Washington (APP) 5 |
| BOTTOM OF THE 6TH |
|
Washington (APP) Nationals batting - Pitching for Bristol Pirates : RHP Otok Barleyfoot
|
|
Batting: RHB Lamar Thornton
|
0-0: Called Strike 0-1: Fly out, F8 (Flyball, 8LD, EV 100.0 MPH)
|
|
Batting: LHB Jim Weidman
|
0-0: Foul Ball, location: 2F 0-1: Swinging Strike 0-2: Ball 1-2: Strikes out swinging
|
|
Batting: RHB Bobby Bricker
|
0-0: Called Strike 0-1: Ball 1-1: Ground out U3 (Groundball, 3L, EV 82.5 MPH)
|
| Bottom of the 6th over - 0 runs, 0 hits, 0 errors, 0 left on base; Bristol 10 - Washington (APP) 5 |
| TOP OF THE 7TH |
|
Bristol Pirates batting - Pitching for Washington (APP) Nationals : RHP Omar Perez
|
|
Batting: RHB Gilberto Victoria
|
0-0: Ball 1-0: Swinging Strike 1-1: Ball 2-1: Ball 3-1: SINGLE (Line Drive, 8LS, EV 96.9 MPH)
|
|
Batting: RHB Frank Elizondo
|
0-0: Called Strike 0-1: Ball 1-1: Ball 2-1: Ball 3-1: Base on Balls Gilberto Victoria to second
|
|
Batting: SHB Ronnie Brooks
|
0-0: Called Strike 0-1: Called Strike 0-2: Strikes out swinging
|
|
Batting: RHB Alain Marquet
|
0-0: Called Strike 0-1: Ball 1-1: Ball 2-1: Ball 3-1: Grounds into double play, 5-4-3 (Groundball, 56, EV 102.5 MPH)
|
| Top of the 7th over - 0 runs, 1 hit, 0 errors, 1 left on base; Bristol 10 - Washington (APP) 5 |
| BOTTOM OF THE 7TH |
|
Washington (APP) Nationals batting - Pitching for Bristol Pirates : RHP Otok Barleyfoot
|
|
Pitching: RHP Onne Stubbe
|
|
|
Batting: RHB Leo Gutierrez
|
0-0: Ball 1-0: Ball 2-0: Ball 3-0: Base on Balls
|
|
Batting: LHB Chance McWilliams
|
0-0: Called Strike 0-1: Ball Leo Gutierrez is caught stealing 2nd base 2-6 1-1: Called Strike 1-2: Ball 2-2: Ball 3-2: Foul Ball, location: 2F 3-2: Base on Balls
|
|
Batting: LHB Vince McLane
|
0-0: Ball 1-0: Called Strike 1-1: Ball 2-1: Called Strike 2-2: Ball 3-2: Base on Balls Chance McWilliams to second
|
|
Batting: RHB Antonio Vallez
|
0-0: Swinging Strike 0-1: Ball 1-1: Foul Ball, location: 2F 1-2: Ball 2-2: Strikes out swinging
|
|
Batting: RHB Tylor Cyr
|
0-0: Ball Wild Pitch! Chance McWilliams to third Vince McLane to second 1-0: Foul Ball, location: 2F 1-1: Ground out 1-3 (Groundball, 13S, EV 61.9 MPH)
|
| Bottom of the 7th over - 0 runs, 0 hits, 0 errors, 2 left on base; Bristol 10 - Washington (APP) 5 |
| TOP OF THE 8TH |
|
Bristol Pirates batting - Pitching for Washington (APP) Nationals : RHP Omar Perez
|
|
Batting: RHB Rob Colley
|
0-0: Swinging Strike 0-1: Swinging Strike 0-2: Strikes out swinging
|
|
Batting: RHB Erik Mulligan
|
0-0: Ball 1-0: Foul Ball, location: 2F 1-1: Ball 2-1: Foul Ball, location: 2F 2-2: Foul Ball, location: 2F 2-2: Strikes out swinging
|
|
Pitching: RHP Chris Mosley
|
|
|
Batting: SHB Don Hauk
|
0-0: Swinging Strike 0-1: Foul Ball, location: 2F 0-2: Ball 1-2: Foul Ball, location: 2F 1-2: Foul Ball, location: 2F 1-2: SINGLE (Popup, 6D, EV 68.8 MPH)
|
|
Batting: RHB Pete Hutton
|
0-0: Fly out, F7 (Line Drive, 78M, EV 92.5 MPH)
|
| Top of the 8th over - 0 runs, 1 hit, 0 errors, 1 left on base; Bristol 10 - Washington (APP) 5 |
| BOTTOM OF THE 8TH |
|
Washington (APP) Nationals batting - Pitching for Bristol Pirates : RHP Onne Stubbe
|
|
Batting: RHB Derek Moran
|
0-0: SINGLE (Groundball, 3D, EV 97.5 MPH)
|
|
Batting: RHB Lamar Thornton
|
0-0: Called Strike 0-1: Ball 1-1: Fly out, F8 (Flyball, 8LXD, EV 95.0 MPH)
|
|
Batting: LHB Jim Weidman
|
0-0: 2-RUN HOME RUN (Flyball, 89XD, EV 98.8 MPH), Distance : 418 ft
|
|
Batting: RHB Bobby Bricker
|
0-0: SOLO HOME RUN (Flyball, 7D, EV 99.4 MPH), Distance : 399 ft
|
|
Batting: RHB Leo Gutierrez
|
0-0: Ball 1-0: Ball 2-0: Ball 3-0: Base on Balls
|
|
Batting: LHB Chance McWilliams
|
0-0: Called Strike 0-1: Swinging Strike 0-2: 2-RUN HOME RUN (Flyball, 89XD, EV 99.4 MPH), Distance : 396 ft
|
|
Batting: LHB Vince McLane
|
0-0: Ball 1-0: Ball 2-0: Ball 3-0: Called Strike 3-1: Foul Ball, location: 2F 3-2: SINGLE (Groundball, 3S, EV 72.5 MPH) (infield hit)
|
|
Batting: RHB Antonio Vallez
|
0-0: Called Strike Vince McLane steals 2nd base 0-1: Swinging Strike 0-2: Strikes out looking
|
|
Batting: RHB Tylor Cyr
|
0-0: Foul Ball, location: 2F 0-1: Ball 1-1: Fly out, F6 (Popup, 6MD, EV 48.1 MPH)
|
| Bottom of the 8th over - 5 runs, 5 hits, 0 errors, 1 left on base; Bristol 10 - Washington (APP) 10 |
| TOP OF THE 9TH |
|
Bristol Pirates batting - Pitching for Washington (APP) Nationals : RHP Chris Mosley
|
|
Batting: RHB Randy Bergman
|
0-0: Ball 1-0: Ball 2-0: Called Strike 2-1: Foul Ball, location: 2F 2-2: DOUBLE (Line Drive, 9LM, EV 107.5 MPH)
|
|
Batting: RHB Gilberto Victoria
|
0-0: Called Strike 0-1: Swinging Strike 0-2: Foul Ball, location: 2F 0-2: Ball 1-2: Ball 2-2: Ball 3-2: Base on Balls
|
|
Batting: RHB Frank Elizondo
|
0-0: Called Strike 0-1: Ball 1-1: Foul Ball, location: 2F 1-2: Strikes out swinging
|
|
Batting: SHB Ronnie Brooks
|
0-0: Foul Ball, location: 2F 0-1: Called Strike 0-2: Ball 1-2: Strikes out swinging
|
|
Pinch Hitting: LHB Randy Boone
|
0-0: Ball Wild Pitch! Randy Bergman to third Gilberto Victoria to second 1-0: Intentional Walk
|
|
Batting: RHB Rob Colley
|
0-0: Ball 1-0: Ground out U3 (Groundball, 3, EV 76.2 MPH)
|
| Top of the 9th over - 0 runs, 1 hit, 0 errors, 3 left on base; Bristol 10 - Washington (APP) 10 |
| BOTTOM OF THE 9TH |
|
Washington (APP) Nationals batting - Pitching for Bristol Pirates : RHP Onne Stubbe
|
|
Now at 2B: Randy Boone
|
|
|
Now at 3B: Pete Hutton
|
|
|
Batting: RHB Derek Moran
|
0-0: Called Strike 0-1: Ball 1-1: SINGLE (Line Drive, 3D, EV 100.0 MPH)
|
|
Batting: RHB Lamar Thornton
|
0-0: Ball 1-0: Ball 2-0: Called Strike 2-1: Ball 3-1: Base on Balls Derek Moran to second
|
|
Batting: LHB Jim Weidman
|
0-0: 3-RUN HOME RUN (Line Drive, 89XD, EV 110.6 MPH), Distance : 416 ft
|
| Bottom of the 9th over - 3 runs, 2 hits, 0 errors, 0 left on base; Bristol 10 - Washington (APP) 13 |
|